 Dungeon Crawl Stone Soup version 0.18-a0-1157-g59db91b (webtiles) character file.

107748 Gorice the Tortoise (level 16, -7/141 HPs)
             Began as a Ghoul Wanderer on Jan 21, 2016.
             Was a High Priest of Okawaru.
             Killed from afar by a ynoxinul (28 damage)
             ... with an iron shot
             ... summoned by an orc high priest
             ... on level 2 of the Orcish Mines on Jan 23, 2016.
             The game lasted 03:58:46 (28109 turns).

Gorice the Tortoise (Ghoul Wanderer)               Turns: 28109, Time: 03:58:46

Health: -7/141     AC: -22   Str: 19    XL:     16   Next: 47%
Magic:  21/21      EV:  8    Int:  8    God:    Okawaru [*****.]
Gold:   1936       SH:  0    Dex: 11    Spells: 0 memorised, 15 levels left

rFire  . . .     SeeInvis +     a - +3 great sword (vamp)
rCold  + . .     Gourm    .     U - +0 plate armour {MR+}
rNeg   + + +     Faith    .     (shield currently unavailable)
rPois  ∞         Spirit   .     R - +2 helmet
rElec  .         Dismiss  .     x - +1 cloak {MR+}
rCorr  .         Reflect  .     r - +0 pair of gloves
SustAt .         Harm     .     g - +1 pair of boots
MR     +++..                    Z - amulet of regeneration
Stlth  ..........               O - ring of see invisible
                                m - +1 ring of protection

@: corroded equipment, rotting, extremely resistant to hostile enchantments,
extremely unstealthy
A: rotting body, claws 1, carnivore 3, cold resistance 1, negative energy
resistance 3, slow regeneration 1, torment resistance, unbreathing
a: Heroism, Finesse, Renounce Religion


You were on level 2 of the Orcish Mines.
You worshipped Okawaru.
Okawaru was extremely pleased with you.
You were not hungry.

You visited 4 branches of the dungeon, and saw 23 of its levels.
You also visited: Ice Cave.

You collected 2324 gold pieces.
You spent 388 gold pieces at shops.

Inventory:

Hand Weapons
 a - a +3 vampiric great sword (weapon)
   (You found it in an ice cave)
 b - a +4 longbow of flaming
   (Okawaru gifted it to you on level 6 of the Lair of Beasts)
 e - a +5 longbow of evasion
   (Okawaru gifted it to you on level 4 of the Lair of Beasts)
 l - a +3 quarterstaff of chaos
   (You took it off Crazy Yiuf on level 3 of the Dungeon)
 u - the +0 scimitar "Byptaipe" {speed, +Inv}
   (You bought it in a shop on level 2 of the Orcish Mines)

   Attacks with this weapon are significantly faster.
   It lets you turn invisible.
 y - a +4 longbow of freezing
   (Okawaru gifted it to you on level 2 of the Orcish Mines)
 B - a +1 executioner's axe of distortion
   (Okawaru gifted it to you on level 2 of the Orcish Mines)
Missiles
 E - 5 javelins (quivered)
 F - an arrow of frost
 H - 13 arrows of flame
 L - 9 arrows
 T - a poisoned arrow
 X - 31 arrows of dispersal
 Y - 3 throwing nets
Armour
 g - a +1 pair of boots (worn)
 r - a +0 pair of gloves (worn)
 x - a +1 cloak of magic resistance (worn)
   (You took it off Crazy Yiuf on level 3 of the Dungeon)
 P - a +2 plate armour of positive energy
   (You took it off an orc warlord on level 2 of the Orcish Mines)
 R - a +2 helmet (worn)
 U - a +0 plate armour of magic resistance (worn)
   (You took it off an orc warrior on level 8 of the Dungeon)
Jewellery
 m - a +1 ring of protection (left hand)
 A - an uncursed ring of resist corrosion
 O - a ring of see invisible (right hand)
 Q - an uncursed ring of flight
 V - an uncursed ring of protection from cold
 Z - an amulet of regeneration (around neck)
Wands
 d - a wand of draining (9/15)
 k - a wand of cold (11/15)
 n - a wand of digging (14/24)
 t - a wand of confusion (21/48)
 G - a wand of fire (0/15)
Scrolls
 c - 5 scrolls of teleportation {!r}
 o - 3 scrolls of magic mapping {!r}
 p - 13 scrolls of remove curse
 v - a scroll of blinking
 D - 2 scrolls of fear {!r}
 J - a scroll of identify
 N - 3 scrolls of fog
Potions
 h - 15 potions of curing
 j - 4 potions of resistance {!q}
 s - 2 potions of invisibility {!q}
 w - 5 potions of heal wounds {!q}
 z - 3 potions of agility {!q}
 C - a potion of haste {!q}
 I - 2 potions of might {!q}
 S - a potion of cancellation {!q}
Books
 M - a Grand Grimoire
Miscellaneous
 K - a box of beasts
Comestibles
 f - 16 meat rations {!e}
 i - 6 beef jerkies
 q - 11 chunks of flesh


   Skills:
 - Level 12.5 Fighting
 * Level 5.4 Long Blades
   Level 1.0 Maces & Flails
 - Level 15.0 Bows
 - Level 16.0 Armour
 + Level 3.7 Dodging
 - Level 1.1 Stealth
 - Level 9.1 Invocations
 - Level 1.0 Evocations


You had 15 spell levels left.
You didn't know any spells.

Dungeon Overview and Level Annotations

Branches:
Dungeon (12/15)            Temple (1/1) D:6            Lair (8/8) D:11
 Shoals (0/4) Lair:6        Snake (0/4) Lair:6        Slime (0/6) Lair:6
    Orc (2/2) D:12            Elf (0/3) Orc:2

Altars:
Ashenzari
Cheibriados
Dithmenos
Elyvilon
Fedhas
Gozag
Kikubaaqudgha
Makhleb
Nemelex Xobeh
Okawaru
Pakellas
Qazlal
Ru
Sif Muna
Trog
Vehumet
Xom
Yredelemnul
Zin
The Shining One
Beogh
Lugonu

Shops:
D:9 (   D:11 }   Orc:1 *   Orc:2 ((=

Annotations:
D:3 1 runed door
D:6 vpUX: deep water vault?


Innate Abilities, Weirdness & Mutations

Your body is rotting away.
You thrive on raw meat.
You are immune to poison.
You have sharp fingernails.
You are carnivorous and can eat meat at any time.
Your flesh is cold resistant.
You are immune to negative energy.
You regenerate slowly when monsters are visible.
You are immune to unholy pain and torment.
You can survive without breathing.


Message History

You closely miss the orc high priest.
The orc high priest is severely wounded.
The orc high priest hits you with a flail of venom!
The rust devil closely misses you. The orc high priest closely misses you.
Damage: 7 (max 15)
You hit the orc high priest but do no damage.
The orc high priest is severely wounded.
The rust devil closely misses you.
The orc high priest hits you with a flail of venom!
Damage: 7 (max 15)
You hit the orc high priest but do no damage.
The orc high priest is severely wounded.
The rust devil barely misses you.
The orc high priest completely misses you.
The rust devil hits you! The rust devil corrodes you!
Damage: 9 (max 15)
You hit the orc high priest but do no damage.
The orc high priest is severely wounded.
The rust devil hits you. The rust devil corrodes you!
The orc high priest hits you with a flail of venom!
Damage: 16 (max 16)
You hit the orc high priest but do no damage.
The orc high priest is heavily wounded.
The rust devil hits you. The rust devil corrodes you!
The orc high priest hits you with a flail of venom!
Damage: 8 (max 16)
You hit the orc high priest but do no damage.
The orc high priest is heavily wounded.
The rust devil hits you!
* * * LOW HITPOINT WARNING * * *
The rust devil corrodes you!
The orc high priest hits you with a flail of venom!
* * * LOW HITPOINT WARNING * * *
The rust devil hits you.
* * * LOW HITPOINT WARNING * * *
The rust devil corrodes you!
Damage: 25 (max 25) Unknown command.
Read which item? (? for menu, Esc to quit)
Really read
D - 3 scrolls of fear {!r}?
As you read the scroll of fear {!r}, it crumbles to dust.
You assume a fearsome visage.
The rust devil is unaffected.
The orc high priest looks frightened!
The orc high priest utters an invocation to Beogh.
The orc high priest is healed somewhat.
Unknown command.
The orc high priest mumbles some strange prayers to Beogh.
The ynoxinul gestures at you. The iron shot hits you!
You die...

##.## ##...####.....∩...#
####### ##...###...3......#
####..### ##...###..........#
...#..'.# #....##...........#
...#..#.###...##...)3##...###
#'#####.##....#.....## ####
).......##...##..4..#
#...)#####)).#.....##
#....#..##.)##..@..#
#)[..'..#...#......#
#)####..#.........##
...).####........##
####.####)8...8...8..
#..#.())'()..........
#..'.####.8...8...8...
#..#.####........##...
####.#..#.........##..


You could see a sun demon, a rust devil and a ynoxinul.

Vanquished Creatures
  Maud (Lair:4)
  A frost giant (IceCv)
  An orc warlord (Orc:2)
  Snorg (Lair:4)
  A fire dragon (Lair:7)
  8 hydras
  A catoblepas (Lair:8)
  A naga warrior (Lair:6)
  Erolcha (D:8)
  2 centaur warriors (D:10)
  A deep troll shaman (Lair:8)
  2 orc high priests (Orc:2)
  11 death yaks
  Urug (Orc:1)
  A lindwurm (Lair:8)
  6 orc knights
  A deep elf mage (D:10)
  4 hill giants
  2 orc sorcerers
  2 manticores
  3 cyclopes
  5 griffons
  A centaur zombie (D:10)
  17 elephants
  7 black mambas
  An ice statue (IceCv)
  11 spiny frogs
  6 fire drakes
  6 komodo dragons
  7 trolls
  A queen bee (D:8)
  18 polar bears
  19 blink frogs
  5 two-headed ogres (Orc:2)
  7 slime creatures
  Grinder (D:4)
  Prince Ribbit (D:8)
  A boulder beetle (Lair:7)
  A shadow (D:11)
  9 wyverns
  A wraith (D:10)
  18 hippogriffs
  76 yaks
  8 basilisks
  The ghost of WhatIsLove the Ducker, an amateur DsGl (D:4)
  36 wolves
  7 wargs
  A vampire mosquito (D:10)
  3 nagas (Lair:6)
  A soldier ant (D:10)
  A hell hound (Lair:5)
  12 water moccasins
  11 porcupines
  46 orc warriors
  3 sky beasts
  4 black bears
  2 wasps
  4 ice beasts
  14 ogres
  7 centaurs
  14 crocodiles
  2 big kobolds
  22 giant frogs
  9 scorpions
  A water moccasin skeleton (D:10)
  29 killer bees
  3 electric eels (Lair:2)
  19 crimson imps
  5 giant frog zombies
  3 giant frog skeletons
  5 jellies
  7 hounds
  30 orc priests
  Crazy Yiuf (D:3)
  2 centaur skeletons
  Jessica (D:3)
  6 iguanas
  25 orc wizards
  8 worker ants
  10 sheep
  A hound zombie (D:10)
  2 hound skeletons
  2 worker ant zombies
  A gnoll (shapeshifter) (Lair:7)
  20 adders
  5 gnolls
  42 river rats
  6 shadow imps
  3 white imps (D:12)
  3 adder skeletons
  2 adder zombies
  4 worms
  4 giant geckos
  127 orcs
  7 giant cockroaches
  11 goblins
  13 hobgoblins
  7 jackals
  22 kobolds
  A quokka (D:6)
  7 bats
  A giant gecko zombie (D:6)
  7 giant newts
  A quokka skeleton (D:7)
  A quokka zombie (D:10)
  9 rats
943 creatures vanquished.

Vanquished Creatures (others)
  A wolf (IceCv)
  A sheep (Lair:1)
  A river rat (Lair:4)
  A bush (Lair:8)
  14 fungi
  18 plants
36 creatures vanquished.

Grand Total: 979 creatures vanquished

Notes
Turn   | Place    | Note
--------------------------------------------------------------
     0 | D:1      | Gorice the Ghoul Wanderer began the quest for the Orb.
     0 | D:1      | Gorice set off with: a +2 shortbow, 19 arrows, 2 scrolls of teleportation {!r}, a +0 robe, a meat ration {!e}
     0 | D:1      | Reached XP level 1. HP: 22/22 MP: 0/0
    50 | D:1      | Reached skill level 2 in Bows
   102 | D:1      | Reached XP level 2. HP: 25/28 MP: 1/1
   304 | D:1      | Reached skill level 3 in Bows
   309 | D:1      | Reached XP level 3. HP: 32/34 MP: 2/2
  1017 | D:2      | Found a glowing silver altar of Zin.
  1086 | D:2      | Reached XP level 4. HP: 38/41 MP: 3/3
  1233 | D:2      | Reached skill level 4 in Bows
  1378 | D:2      | Found a faded altar to an unknown god.
  1714 | D:3      | Reached XP level 5. HP: 46/46 MP: 4/4
  1758 | D:3      | Noticed Crazy Yiuf
  1775 | D:3      | Killed Crazy Yiuf
  1816 | D:3      | Found a runed door.
  1817 | D:3      | Found a glowing silver altar of Zin.
  1817 | D:3      | Noticed an angel
  1866 | D:3      | Noticed Jessica
  1870 | D:3      | Killed Jessica
  1870 | D:3      | Reached skill level 5 in Bows
  2310 | D:4      | Reached XP level 6. HP: 53/53 MP: 5/5
  2529 | D:4      | Noticed WhatIsLove's ghost (amateur DsGl)
  2555 | D:4      | HP: 14/53 [WhatIsLove's ghost (5)]
  2561 | D:4      | HP: 4/53 [WhatIsLove's ghost (3)]
  2594 | D:4      | Killed WhatIsLove's ghost
  2594 | D:4      | Reached skill level 6 in Bows
  2622 | D:4      | Noticed Grinder
  2625 | D:4      | Paralysed by Grinder for 2 turns
  2650 | D:4      | Killed Grinder
  2650 | D:4      | Reached skill level 7 in Bows
  2650 | D:4      | Reached XP level 7. HP: 44/60 MP: 6/6
  2855 | D:4      | Found an ancient bone altar of Kikubaaqudgha.
  2861 | D:4      | Found a radiant altar of Vehumet.
  2861 | D:4      | Found a deep blue altar of Sif Muna.
  2866 | D:4      | Identified Vehumet's Papyrus of Attacks
  2874 | D:4      | Identified Kikubaaqudgha's Grimoire of Necromancy
  2882 | D:4      | Identified Sif Muna's Tome of Summoning
  2942 | D:4      | Found an opulent altar of Gozag.
  2942 | D:4      | Found a shimmering altar of Xom.
  2943 | D:4      | Upgraded the game from 0.18-a0-1140-g8540535 to 0.18-a0-1145-g178b0c7
  2961 | D:5      | Entered Level 5 of the Dungeon
  3118 | D:5      | Reached skill level 8 in Bows
  3150 | D:5      | Reached XP level 8. HP: 67/67 MP: 7/7
  3232 | D:5      | Found a snail-covered altar of Cheibriados.
  3323 | D:5      | Found a glowing golden altar of the Shining One.
  3586 | D:5      | Found a sacrificial altar of Ru.
  3702 | D:6      | Found an iron altar of Okawaru.
  3711 | D:6      | Became a worshipper of Warmaster Okawaru
  3759 | D:6      | Reached skill level 9 in Bows
  4068 | D:6      | Found a staircase to the Ecumenical Temple.
  4101 | Temple   | Entered the Ecumenical Temple
  4252 | D:6      | Found a shattered altar of Ashenzari.
  4718 | D:7      | Reached skill level 10 in Bows
  4730 | D:7      | Reached * piety under Okawaru
  4735 | D:7      | Reached XP level 9. HP: 47/72 MP: 8/8
  5151 | D:7      | Reached skill level 2 in Armour
  5405 | D:7      | Found a burning altar of Makhleb.
  5590 | D:7      | Reached ** piety under Okawaru
  5590 | D:7      | Reached skill level 3 in Armour
  5687 | D:7      | Reached skill level 11 in Bows
  5990 | D:8      | Reached skill level 4 in Armour
  6001 | D:8      | HP: 21/71 [killer bee (4)]
  6085 | D:8      | Noticed a queen bee
  6122 | D:8      | Killed a queen bee
  6122 | D:8      | Reached skill level 5 in Armour
  6163 | D:8      | Reached XP level 10. HP: 41/80 MP: 9/9
  6354 | D:8      | Found a shadowy altar of Dithmenos.
  6378 | D:8      | Reached *** piety under Okawaru
  6680 | D:8      | Noticed Prince Ribbit
  6760 | D:8      | Noticed Erolcha
  6786 | D:8      | HP: 15/80 [something/orb of energy (24)]
  6791 | D:8      | HP: 24/80 [something (8)]
  6792 | D:8      | Killed Erolcha
  6792 | D:8      | Reached skill level 6 in Armour
  6806 | D:8      | Reached skill level 12 in Bows
  7027 | D:8      | Killed Prince Ribbit
  7299 | D:8      | Found an iron altar of Okawaru.
  7606 | D:9      | Received a gift from Okawaru
  7754 | D:9      | Reached skill level 7 in Armour
  7961 | D:9      | Reached **** piety under Okawaru
  7971 | D:9      | Received a gift from Okawaru
  8073 | D:9      | Reached XP level 11. HP: 49/85 MP: 10/10
  8163 | D:9      | Found Biucemm's Weapon Emporium.
  8214 | D:9      | Reached skill level 8 in Armour
  8708 | D:10     | Entered Level 10 of the Dungeon
  8777 | D:9      | HP: 25/85 [killer bee (4)]
  9293 | D:10     | Reached skill level 13 in Bows
  9537 | D:10     | Reached ***** piety under Okawaru
  9562 | D:10     | Noticed a hill giant
  9579 | D:10     | Killed a hill giant
  9579 | D:10     | Reached skill level 9 in Armour
  9659 | D:10     | Reached skill level 8 in Fighting
  9659 | D:10     | Reached skill level 6 in Invocations
  9659 | D:10     | Reached XP level 12. HP: 91/101 MP: 10/15
  9704 | D:10     | Noticed a centaur warrior
  9726 | D:10     | Killed a centaur warrior
  9726 | D:10     | Received a gift from Okawaru
  9867 | D:10     | Received a gift from Okawaru
 10310 | D:10     | Received a gift from Okawaru
 10465 | D:10     | Noticed a centaur warrior
 10634 | D:11     | Reached skill level 10 in Armour
 10677 | D:10     | Killed a centaur warrior
 10677 | D:10     | Reached XP level 13. HP: 70/107 MP: 13/16
 10779 | D:11     | Reached skill level 14 in Bows
 10787 | D:10     | Received a gift from Okawaru
 11098 | D:11     | Received a gift from Okawaru
 11167 | D:11     | Found a staircase to the Lair.
 11181 | Lair:1   | Entered Level 1 of the Lair of Beasts
 11341 | D:11     | Found an oddly glowing altar of Pakellas.
 11341 | D:11     | Found Pakellas's Prime Provisions.
 11429 | D:11     | Got a steaming buckler
 11964 | Lair:1   | Received a gift from Okawaru
 11964 | Lair:1   | Reached skill level 11 in Armour
 12078 | Lair:1   | Upgraded the game from 0.18-a0-1145-g178b0c7 to 0.18-a0-1147-g8e8348b
 12216 | Lair:1   | Reached ****** piety under Okawaru
 12344 | Lair:1   | Received a gift from Okawaru
 13964 | Lair:3   | Reached skill level 15 in Bows
 14655 | Lair:4   | Noticed Maud
 14675 | Lair:4   | Killed Maud
 14675 | Lair:4   | Received a gift from Okawaru
 14675 | Lair:4   | Reached skill level 7 in Invocations
 14719 | Lair:4   | Noticed Snorg
 14725 | Lair:4   | Killed Snorg
 14725 | Lair:4   | Reached skill level 12 in Armour
 14858 | Lair:4   | Reached XP level 14. HP: 93/115 MP: 18/18
 15118 | Lair:4   | Reached skill level 8 in Invocations
 15241 | Lair:4   | Received a gift from Okawaru
 15254 | Lair:4   | Identified Emudduel's Almanac of Creation
 16043 | Lair:4   | Reached skill level 9 in Invocations
 16329 | Lair:5   | Reached skill level 13 in Armour
 16412 | Lair:5   | Got a crude quarterstaff
 16413 | Lair:5   | Identified the +1 quarterstaff "Ruskasat" {elec, *Corrode rElec rC+++ Dex-4} (You found it on level 5 of the Lair of Beasts)
 16606 | Lair:5   | Found a glowing silver altar of Zin.
 16968 | Lair:6   | Found a staircase to the Slime Pits.
 17175 | Lair:6   | Received a gift from Okawaru
 17202 | Lair:6   | Found a staircase to the Shoals.
 17570 | Lair:6   | Found a staircase to the Snake Pit.
 18177 | Lair:7   | Reached skill level 14 in Armour
 18695 | Lair:7   | Received a gift from Okawaru
 18901 | Lair:7   | Upgraded the game from 0.18-a0-1147-g8e8348b to 0.18-a0-1157-g59db91b
 18918 | Lair:7   | Reached skill level 9 in Fighting
 18926 | Lair:7   | Reached XP level 15. HP: 110/124 MP: 20/20
 19217 | Lair:7   | Got a brightly glowing rapier
 19624 | Lair:8   | Entered Level 8 of the Lair of Beasts
 19704 | Lair:8   | Received a gift from Okawaru
 19704 | Lair:8   | Reached skill level 10 in Fighting
 19727 | Lair:8   | Found a frozen archway.
 19770 | IceCv    | Entered an ice cave
 19868 | IceCv    | Reached skill level 15 in Armour
 20232 | IceCv    | Noticed a frost giant
 20268 | IceCv    | Killed a frost giant
 20268 | IceCv    | Received a gift from Okawaru
 21005 | Lair:7   | Reached skill level 11 in Fighting
 21045 | Lair:7   | HP: 37/129 [yak (4)]
 22468 | Lair:8   | Reached skill level 12 in Fighting
 23016 | D:12     | Found a staircase to the Orcish Mines.
 23330 | D:12     | Reached XP level 16. HP: 139/139 MP: 21/21
 23690 | D:12     | Reached skill level 16 in Armour
 24142 | D:11     | Reached skill level 1 in Dodging
 24518 | Orc:1    | Entered Level 1 of the Orcish Mines
 24660 | Orc:1    | Reached skill level 1 in Long Blades
 24854 | Orc:2    | Entered Level 2 of the Orcish Mines
 25263 | Orc:2    | Received a gift from Okawaru
 25498 | Orc:1    | Reached skill level 2 in Long Blades
 25498 | Orc:1    | Reached skill level 2 in Dodging
 25562 | Orc:1    | Found Dadugief's Assorted Antiques.
 25570 | Orc:1    | Bought a potion of heal wounds for 100 gold pieces
 25589 | Orc:1    | Found a roughly hewn altar of Beogh.
 25613 | Orc:1    | Noticed Urug
 25623 | Orc:1    | Killed Urug
 25865 | Orc:1    | HP: 38/141 [orc warrior/glaive (16)]
 25910 | Orc:1    | HP: 34/141 [orc/whip of electrocution (19)]
 26247 | Orc:2    | Reached skill level 3 in Long Blades
 26370 | Orc:2    | Found Roiteh's Antique Weapon Emporium.
 26396 | Orc:2    | Found Ellilarghun's Antique Weapon Shoppe.
 26445 | Orc:2    | Found a roughly hewn altar of Beogh.
 26568 | Orc:2    | HP: 32/141 [red devil/trident[an orc sorcerer] (12)]
 26588 | Orc:2    | HP: 31/141 [orc knight/great sword (20)]
 26597 | Orc:2    | Found Beol's Jewellery Emporium.
 26599 | Orc:2    | HP: 33/141 [orc priest/divine providence (10)]
 26604 | Orc:2    | HP: 22/141 [orc high priest/divine providence (13)]
 26616 | Orc:2    | HP: 16/141 [orc priest/divine providence (10)]
 26622 | Orc:2    | HP: 7/141 [orc warrior/hand axe (12)]
 26627 | Orc:2    | HP: 1/141 [orc warrior/hand axe (14)]
 26634 | Orc:2    | Reached skill level 3 in Dodging
 26672 | Orc:2    | Reached skill level 4 in Long Blades
 27051 | Orc:2    | Found a staircase to the Elven Halls.
 27228 | Orc:2    | Bought a slimy scimitar for 288 gold pieces
 27228 | Orc:2    | Identified the cursed +0 scimitar "Byptaipe" {speed, +Inv} (You bought it in a shop on level 2 of the Orcish Mines)
 27280 | Orc:2    | HP: 39/141 [orc knight/great sword (9)]
 27676 | Orc:2    | Reached skill level 5 in Long Blades
 27999 | Orc:2    | Received a gift from Okawaru
 28103 | Orc:2    | HP: 37/141 [rust devil[an orc high priest] (7)]
 28109 | Orc:2    | Killed from afar by a ynoxinul

Vault maps used:
D:1:      lightli_molten_gateway
D:2:      zin_statuary, ecumenical_altar_2, serial_bayou_lagoon_a,
          corner_web_ring
D:3:      lemuel_angel_altar, uniq_jessica, uniq_crazy_yiuf_cottage
D:4:      grunt_temple_overflow_magic_moments, gammafunk_temple_overflow_wave,
          uniq_grinder
D:5:      lemuel_coloured_pillars_altar, tso_oasis_becter, lemuel_round_altar,
          first_bread
D:6:      overflow_temple_1_default, ashenzari_altar_1,
          minmay_temple_entry_steel_oval, kennysheep_opposing_triangles
D:7:      kennysheep_six_static_rooms, makhleb_grotto_becter, serial_glass,
          glass_columns_c, glass_columns_a, feat_on_display
D:8:      nicolae_dithmenos_shadow_blocks, david_nohive_1,
          okawaru_altar_gauntlet_db, uniq_prince_ribbit1, uniq_erolcha
D:9:      serial_shops, shop_statue
D:10:     hangedman_cross_veins
D:11:     dpeg_oklobed_lair, johnstein_pakellas_shop
D:12:     david_orc_3, minmay_nine_imps
Temple:   corrupted_temple
Lair:2:   nicolae_quartered_pool_little, grunt_forest_large_clearings
Lair:4:   uniq_snorg, uniq_maud
Lair:5:   basic_altar, special_room, beast_lair_carwin_9
Lair:6:   elwin_shoals_entry_rocks, minmay_snake_entry_guardpost_large,
          slime_dummy
Lair:7:   dragon1_lemuel, serial_bayou_shore_b, grunt_megastairs_2
Lair:8:   grunt_lair_end_beastmaster, portal_ice_cave_entry_animals_and_master
Orc:1:    serial_shops, shop, basic_altar, lightli_orcish_oven, uniq_urug
Orc:2:    pubby_orc_utopia, serial_shops
IceCv:    ice_cave_small_giant

Action                   |  1- 3 |  4- 6 |  7- 9 | 10-12 | 13-15 | 16-18 || total
-------------------------+-------+-------+-------+-------+-------+-------++-------
Melee: Quarterstaff      |       |       |       |   131 |   376 |   608 ||  1115
       Shortbow          |       |       |       |     1 |       |       ||     1
       Great sword       |       |       |       |       |       |   321 ||   321
       Scimitar          |       |       |       |       |       |    14 ||    14
 Fire: Shortbow          |    97 |   205 |   484 |   504 |       |       ||  1290
       Blowgun           |       |       |       |    47 |       |       ||    47
       Longbow           |       |       |       |   130 |  1615 |   161 ||  1906
Invok: Heroism           |       |       |     2 |     8 |     8 |     5 ||    23
 Abil: Evoke Flight      |       |       |       |       |     2 |       ||     2
Evoke: Wand              |       |       |     6 |     7 |       |     4 ||    17
  Use: Scroll            |     2 |    10 |    11 |     3 |     9 |     6 ||    41
       Potion            |       |       |       |     3 |       |     4 ||     7
 Stab: Paralysed         |       |       |       |     5 |     3 |     8 ||    16
       Confused          |       |       |       |       |     2 |     2 ||     4
       Petrifying        |       |       |       |       |     1 |     3 ||     4
       Petrified         |       |       |       |       |       |     1 ||     1
  Eat: Chunk             |     4 |    12 |    34 |    72 |   197 |   103 ||   422

Table legend:
 A = Turns spent in this place as a percentage of turns spent in the entire game.
 B = Non-inter-level travel turns spent in this place as a percentage of non-inter-level travel turns spent in the entire game.
 C = Inter-level travel turns spent in this place as a percentage of turns spent in this place.
 D = Turns resting spent in this place as a percentage of non-inter-level travel turns spent in this place.
 E = Turns spent auto-exploring this place as a percentage of non-inter-level travel turns spent in this place.
 F = Non-inter-level travel turns spent in this place divided by the number of levels of this place that you've seen.
                   A       B       C       D       E      F
               +-------+-------+-------+-------+-------+----------------------
         Total | 100.0 | 100.0 |   0.3 |   0.2 |   2.8 | 654.5
       Dungeon |  45.4 |  45.4 |   0.2 |   0.2 |   3.7 | 594.5
        Temple |   0.4 |   0.4 |   0.0 |   0.0 |   0.0 |  61.0
          Lair |  33.1 |  33.0 |   0.5 |   0.2 |   3.0 | 648.8
  Orcish Mines |  17.7 |  17.8 |   0.1 |   0.1 |   0.4 | 1395.5
      Ice Cave |   3.4 |   3.4 |   0.0 |   0.0 |   0.8 | 533.0
               +-------+-------+-------+-------+-------+----------------------

Vault maps used:
D:1:      lightli_molten_gateway
D:2:      zin_statuary, ecumenical_altar_2, serial_bayou_lagoon_a,
          corner_web_ring
D:3:      lemuel_angel_altar, uniq_jessica, uniq_crazy_yiuf_cottage
D:4:      grunt_temple_overflow_magic_moments, gammafunk_temple_overflow_wave,
          uniq_grinder
D:5:      lemuel_coloured_pillars_altar, tso_oasis_becter, lemuel_round_altar,
          first_bread
D:6:      overflow_temple_1_default, ashenzari_altar_1,
          minmay_temple_entry_steel_oval, kennysheep_opposing_triangles
D:7:      kennysheep_six_static_rooms, makhleb_grotto_becter, serial_glass,
          glass_columns_c, glass_columns_a, feat_on_display
D:8:      nicolae_dithmenos_shadow_blocks, david_nohive_1,
          okawaru_altar_gauntlet_db, uniq_prince_ribbit1, uniq_erolcha
D:9:      serial_shops, shop_statue
D:10:     hangedman_cross_veins
D:11:     dpeg_oklobed_lair, johnstein_pakellas_shop
D:12:     david_orc_3, minmay_nine_imps
Temple:   corrupted_temple
Lair:2:   nicolae_quartered_pool_little, grunt_forest_large_clearings
Lair:4:   uniq_snorg, uniq_maud
Lair:5:   basic_altar, special_room, beast_lair_carwin_9
Lair:6:   elwin_shoals_entry_rocks, minmay_snake_entry_guardpost_large,
          slime_dummy
Lair:7:   dragon1_lemuel, serial_bayou_shore_b, grunt_megastairs_2
Lair:8:   grunt_lair_end_beastmaster, portal_ice_cave_entry_animals_and_master
Orc:1:    serial_shops, shop, basic_altar, lightli_orcish_oven, uniq_urug
Orc:2:    pubby_orc_utopia, serial_shops
IceCv:    ice_cave_small_giant
